 Dungeon Crawl Stone Soup version 0.30.1-9-gdf580d7c3d (webtiles) character file.

Game seed: 15275702843570285392

2 Beranek the Trooper (level 1, -3/20 HPs)
             Began as a Hill Orc Fighter on Oct 19, 2023.
             Succumbed to a kobold's poison
             ... on level 1 of the Dungeon.
             The game lasted 00:05:24 (212 turns).

Beranek the Trooper (Hill Orc Fighter)               Turns: 212, Time: 00:05:24

Health: -3/20      AC:  6    Str: 18    XL:     1   Next: 40%
Magic:  1/1        EV:  9    Int:  8    God:
Gold:   12         SH:  4    Dex: 10    Spells: 0/0 levels left

rFire   . . .        a - +0 war axe
rCold   . . .        c - +0 buckler
rNeg    . . .        b - +0 scale mail
rPois   .            (no helmet)
rElec   .            (no cloak)
rCorr   .            (no gloves)
SInv    .            (no boots)
Will    .....        (no amulet) Stlth
                     (no ring)
HPRegen 0.23/turn    (no ring)
MPRegen 0.07/turn

%: no passive effects
@: lethally poisoned (-3 -> -32)
A: no striking features
a: no special abilities


You were on level 1 of the Dungeon.
You visited 1 branch of the dungeon, and saw 1 of its levels.

You collected 12 gold pieces.

Inventory:

Hand Weapons
 a - a +0 war axe (weapon)
Armour
 b - a +0 scale mail (worn)
 c - a +0 buckler (worn)
Scrolls
 f - a scroll of fear
Potions
 d - a potion of might


   Skills:
 + Level 3.6 Fighting
 + Level 2.7 Axes
 + Level 3.4 Armour
 + Level 3.3 Shields


You couldn't memorise any spells.
You didn't know any spells.
Your spell library contained the following spells:

 Spells                   Type           Power      Damage    Failure   Level
 Inner Flame              Hex/Fire       0%         N/A       99%         3
 Flame Wave               Conj/Fire      0%         2d4       100%        4
 Sticky Flame             Conj/Fire      0%         2d3       100%        4


Dungeon Overview and Level Annotations

Branches:
Dungeon (1/15)

Altars:

Shops:
D:1 [


Message History

You continue taking off your +0 scale mail. x4
You finish taking off your +0 scale mail.
You start putting on your armour.
You continue putting on your +0 robe. x5
You finish putting on your +0 robe.
You start removing your armour.
You continue taking off your +0 robe. x4
You finish taking off your +0 robe.
You start putting on your armour.
You continue putting on your +0 scale mail. x5
You finish putting on your +0 scale mail.
You drop a +0 robe.
Unknown command.
You open the door.
A kobold comes into view. It is wielding a +2 dagger of venom.
The kobold shouts!
Found 6 poisoned darts.
An endoplasm comes into view.
The endoplasm quivers.
There is an open door here.
You block the kobold's attack.
You barely miss the kobold. The kobold hits you but does no damage.
You are poisoned.
You barely miss the kobold. You barely miss the endoplasm.
You feel sick. The endoplasm barely misses you.
The kobold hits you with a +2 dagger of venom.
You are more poisoned.
You barely miss the kobold. You barely miss the endoplasm.
You feel very sick. The endoplasm freezes you.
You are frozen.
The kobold hits you with a +2 dagger of venom.
You are more poisoned.
The endoplasm freezes you.
You are frozen.
* * * LOW HITPOINT WARNING * * *
The kobold hits you but does no damage. The endoplasm attacks as you move away!
The endoplasm hits you but does no damage.
The kobold attacks as you move away! The kobold hits you but does no damage.
You are more poisoned.
You die...

#.# ### #.# ..# ... #+##
#.# ##.## #...## #.#
...### ##.....## #.#
#.##.## ##.......#
#.#####.#...####.........
...............'@.K......
..#.###.#...####..J......
###.# #.##.## ##.......#
#.# #.##.# ##.....## #.#
#....# #...## #.# ###..#
#+## #.# #..# #.# #...


You could see an endoplasm and a kobold.

Vanquished Creatures
  A ball python (D:1)
  3 rats (D:1)
4 creatures vanquished.

Notes
Turn   | Place    | Note
-------+----------+-------------------------------------------
     0 | D:1      | Beranek the Hill Orc Fighter began the quest for the Orb.
     0 | D:1      | Reached XP level 1. HP: 19/19 MP: 1/1
   137 | D:1      | Found Ukhla's Antique Armour Boutique.
   212 | D:1      | Succumbed to a kobold's poison

Illustrated notes

Levels and vault maps discovered:
D:1:      saegor_arrival_under_anarchy, layout_loops_corners, serial_shops,
          shop, chequers_serial_rivers_marsh, minmay_domino_4

Action                     || total
---------------------------++-------
  Melee: War axe           ||    13
    Use: Scroll            ||     2
 Armour: Scale mail        ||     8
  Dodge: Dodged            ||     5
  Block: Buckler           ||     3
